 Dungeon Crawl Stone Soup version 0.29.1-12-g30fa7ad0bf (webtiles) character file.

Game seed: 5659414233757877020

94454 KittyFluff the Bludgeoner (level 15, -1/141 HPs)
             Began as a Minotaur Berserker on Dec 10, 2022.
             Was a High Priest of Trog.
             Slain by Saint Roka
             ... wielding a +2 bardiche of freezing
              (6 damage)
             ... on level 2 of the Orcish Mines on Dec 15, 2022.
             The game lasted 02:37:50 (28514 turns).

KittyFluff the Bludgeoner (Minotaur Berserker)     Turns: 28514, Time: 02:37:50

Health: -1/141     AC: 28    Str: 34    XL:     15   Next: 63%
Magic:  14/14      EV: 22    Int:  6    God:    Trog [*****.]
Gold:   2782       SH:  5    Dex: 18    Spells: 14/14 levels left

rFire   . . .      SeeInvis +   j - +3 dire flail (protect)
rCold   . . .      Faith    .   (shield currently unavailable)
rNeg    . . .      Spirit   .   o - +5 ring mail "Pasump" {+Blink Str+6 Dex+3}
rPois   .          Reflect  +   M - +0 mask of the Dragon {Will+ Slay+3 SInv}
rElec   .          Harm     .   x - +2 cloak {rCorr}
rCorr   +          Rampage  .   N - +1 pair of gloves
Will    ++...                   e - +2 pair of boots
Stlth   ++........              r - amulet of reflection
HPRegen 0.33/turn               i - +6 ring of strength
MPRegen 0.14/turn               G - +4 ring of evasion

@: under a protective aura, studying Fighting
A: horns 2, retaliatory headbutt
a: Renounce Religion, Evoke Blink, Berserk, Trog's Hand, Brothers in Arms


You were on level 2 of the Orcish Mines.
You worshipped Trog.
Trog was extremely pleased with you.
You visited 3 branches of the dungeon, and saw 22 of its levels.
You also visited: Bailey and Volcano.

You collected 2827 gold pieces.
You spent 45 gold pieces at shops.

Inventory:

Hand Weapons
 j - a +3 dire flail of protection (weapon)
 m - a +3 great mace
 q - a +5 dire flail
 Z - a +2 antimagic great mace
Missiles
 k - 63 poisoned darts (quivered)
 n - 12 boomerangs
 t - 6 atropa-tipped darts
 y - 5 javelins
 E - 14 curare-tipped darts
 H - 3 throwing nets
 X - 6 silver javelins
Armour
 e - a +2 pair of boots (worn)
 o - the +5 ring mail "Pasump" (worn) {+Blink Str+6 Dex+3}
   (You took it off a gnoll bouda in a bailey)

   Str:       It affects your strength (+6).
   Dex:       It affects your dexterity (+3).
   +Blink:    It lets you blink.
 v - a +4 chain mail of fire resistance
 x - a +2 cloak of preservation (worn)
 B - +0 ice dragon scales
 F - +1 swamp dragon scales
 M - the +0 mask of the Dragon (worn) {Will+ Slay+3 SInv}
   (You acquired it on level 13 of the Dungeon)

   Slay:      It affects your accuracy & damage with ranged weapons and melee
   (+3).
   SInv:      It lets you see invisible.
   Will:      It increases your willpower.
 N - a +1 pair of gloves (worn)
 V - an orb of mayhem
Jewellery
 d - the ring "Nylakos" {rF+ MP+9 Dex+3}
   (You found it on level 12 of the Dungeon)

   [ring of magical power]

   Dex:       It affects your dexterity (+3).
   rF:        It protects you from fire.
   MP:        It affects your magic capacity (+9).
 i - a +6 ring of strength (left hand)
 r - an amulet of reflection (around neck)
 A - a ring of flight
 G - a +4 ring of evasion (right hand)
 I - the ring of the Ego {rPois MP+9 Int-5 Dex+6 Stlth+}
   (You found it on level 5 of the Lair of Beasts)

   [ring of dexterity]

   Int:       It affects your intelligence (-5).
   Dex:       It affects your dexterity (+6).
   rPois:     It protects you from poison.
   MP:        It affects your magic capacity (+9).
   Stlth:     It makes you more stealthy.
Wands
 s - a wand of flame (6)
 J - a wand of polymorph (7)
 K - a wand of digging (4)
 P - a wand of mindburst (18)
 Q - a wand of roots (32)
 W - a wand of quicksilver (7)
 Y - a wand of charming (9)
Scrolls
 a - 3 scrolls of immolation
 f - 5 scrolls of poison
 p - 9 scrolls of teleportation
 O - 6 scrolls of blinking
 R - 6 scrolls of fear
 T - a scroll of butterflies
 U - a scroll of magic mapping
Potions
 b - 5 potions of resistance
 g - 2 potions of lignification
 h - 13 potions of curing
 l - 7 potions of heal wounds
 u - a potion of haste
 w - a potion of ambrosia
 z - 4 potions of might
 C - 4 potions of flight
 D - 3 potions of attraction
 L - 2 potions of invisibility
 S - 2 potions of mutation
Miscellaneous
 c - a lightning rod (4/4)


   Skills:
 + Level 15.2 Fighting
 * Level 19.2 Maces & Flails
 + Level 1.0(12.6) Staves
 * Level 11.2 Throwing
 + Level 10.5 Armour
 + Level 11.4 Dodging
 + Level 4.9 Stealth
 + Level 5.7 Shields
 * Level 8.1 Evocations


You had 14 spell levels left.
You didn't know any spells.
Your spell library was empty.

Dungeon Overview and Level Annotations

Branches:
Dungeon (15/15)            Temple (0/1) D:4            Lair (5/5) D:11
  Swamp (0/4) Lair:3       Spider (0/4) Lair:3        Slime (0/5) Lair:5
    Orc (2/2) D:10            Elf (0/3) Orc:2        Vaults (0/5) D:14
 Depths (0/4) D:15         Bailey (visited)         Volcano (visited)

Altars:
Ashenzari
Fedhas
Gozag
Makhleb
Nemelex Xobeh
Ru
Sif Muna
Wu Jian
Xom
Yredelemnul
Jiyva

Shops:
D:5 *   D:12 =   Orc:1 (   Orc:2 *[

Portals:
Hell: Lair:5
Gauntlet: Orc:2

Annotations:
Orc:2 Saint Roka


Innate Abilities, Weirdness & Mutations

You have a pair of horns on your head.
You reflexively headbutt those who attack you in melee.


Message History

* * * LOW HITPOINT WARNING * * *
The orc wizard shouts!
Saint Roka invokes the aid of Beogh against you.
Beogh smites you!
* * * LOW HITPOINT WARNING * * *
Items here: )))))))) [[[[[[ ††††††.
Items here: $ ( )))))) [[[[[[ †††.
You are confused.
You feel invigorated.
You feel less invigorated.
You feel less confused.
You sock the orc!
Your weapon exudes an aura of protection.
You kill the orc!
Trog accepts your kill.
You impale the orc sorcerer!!
Your weapon exudes an aura of protection.
The orc sorcerer is heavily wounded.
You hear a shout!
The orc sorcerer hits you with a +0 dagger.
* * * LOW HITPOINT WARNING * * *
You hear a shout! x2
You hit the orc sorcerer. You headbutt the orc sorcerer!
You kill the orc sorcerer!
Trog accepts your kill.
Trog appreciates your killing of a magic user.
You bludgeon Saint Roka!! You headbutt Saint Roka.
Saint Roka is lightly wounded.
You hear a shout!
Saint Roka roars a battlecry!
You hear a howl!
You hear a shout!
Your troll goes berserk!
Saint Roka hits you with a +2 bardiche of freezing!!
* * * LOW HITPOINT WARNING * * *
Saint Roka freezes you!
* * * LOW HITPOINT WARNING * * *
You hear a shout!
Saint Roka attacks as you move away!
Saint Roka hits you with a +2 bardiche of freezing.
You die...

##.##.)).............
#####)).............
##.##..........^..#
#.................#
##..).)..........##
##...)##.##.......#
#...)##...##.....##
####.T.#.._..#..#...#*
##..##@)#.8.8.#..##...#
*****#....##o###+###...*...#
******,*.#.#....)##*,,,**..##*,#*
*,**.........#....#*,,,**..# ***
,,,,...$......>..##*~~~**,**
*,,*.....##..o...##*,<,**,,****
*,,,#...#...oo....####***,*,*,***
**,,.................*,....,,,,*,
**,....o.o.........#,,....,,,,,,


You could see Saint Roka (ally target) and a friendly troll (summoned, berserk).

Vanquished Creatures
  An orc warlord (Orc:2)
  3 entropy weavers (D:13)
  A fire dragon (D:15)
  8 hydras
  Josephine (Lair:4)
  2 boulder beetles
  A hell beast (Lair:5)
  An ice dragon (D:15)
  3 ghost crabs (D:13)
  2 catoblepae
  2 two-headed ogres
  4 death yaks (Lair:5)
  3 centaur warriors
  2 orc high priests (Orc:2)
  Sonja (Lair:3)
  Amaemon (Lair:2)
  5 skeletal warriors
  5 fire crabs (D:13)
  A deep elf archer (D:14)
  Pikel (D:8)
  2 bog bodies (Lair:3)
  2 wizards
  2 lindwurms (Lair:4)
  2 orc knights (Orc:1)
  4 orc sorcerers
  2 deep elf pyromancers
  5 cyclopes
  3 deep elf zephyrmancers (D:14)
  3 manticores (D:15)
  8 ugly things
  14 elephants
  An apocalypse crab (D:13)
  A smoke demon (Volcano)
  8 black mambas
  3 orange demons
  3 unseen horrors
  10 cane toads
  A torpor snail (Lair:5)
  4 centaur skeletons (D:14)
  5 komodo dragons
  2 kobold demonologists
  3 ice devils (Lair:5)
  A hellwing (Lair:5)
  7 rime drakes
  A komodo dragon (shapeshifter) (D:14)
  An efreet (D:13)
  4 yaktaurs
  2 red devils (Volcano)
  3 polar bears
  3 meliai (D:15)
  6 trolls
  17 blink frogs
  16 slime creatures
  10 dream sheep
  2 jumping spiders (Lair:3)
  36 yaks
  6 wraiths
  12 wyverns
  6 water elementals (D:15)
  A redback (Lair:3)
  Grum (Bailey)
  3 vampire mosquitoes (D:13)
  6 basilisks
  A steam dragon (D:8)
  2 wargs (Orc:2)
  8 hell hounds
  An acid dragon (D:12)
  13 water moccasins
  A sky beast (D:8)
  24 orc warriors
  A black bear (D:7)
  5 wolves (Bailey)
  5 ogres
  10 centaurs
  3 lemures (D:8)
  A phantom (D:6)
  6 kobold brigands
  5 bullfrogs
  7 gnoll sergeants (Bailey)
  2 necrophages
  13 scorpions
  6 wights (D:9)
  8 howler monkeys
  5 electric eels
  5 hounds
  9 orc priests
  2 jellies
  Crazy Yiuf (D:5)
  7 gnoll boudas (Bailey)
  Jessica (D:2)
  16 orc wizards
  8 hell rats
  14 gnolls
  7 adders
  2 white imps
  An ufetubus (D:5)
  A worm (D:2)
  3 dart slugs (D:2)
  58 orcs
  12 ball pythons
  4 bats
  8 endoplasms
  8 giant cockroaches
  11 goblins
  8 hobgoblins
  23 kobolds
  A quokka (D:3)
  2 frilled lizards
  2 rats (D:2)
621 creatures vanquished.

Vanquished Creatures (others)
  A bush (Lair:2)
  58 fungi
  38 plants
97 creatures vanquished.

Grand Total: 718 creatures vanquished

Notes
Turn   | Place    | Note
-------+----------+-------------------------------------------
     0 | D:1      | KittyFluff the Minotaur Berserker began the quest for the
                  | Orb.
     0 | D:1      | Reached XP level 1. HP: 19/19 MP: 0/0
   570 | D:1      | Reached XP level 2. HP: 27/27 MP: 1/1
   655 | D:1      | Reached skill level 4 in Maces & Flails
  1086 | D:2      | Reached XP level 3. HP: 33/33 MP: 2/2
  1305 | D:2      | Reached ** piety under Trog
  1336 | D:2      | Noticed Jessica
  1350 | D:2      | Killed Jessica
  1351 | D:2      | Reached XP level 4. HP: 41/41 MP: 3/3
  1526 | D:2      | Found a faded altar of an unknown god.
  1636 | D:2      | Reached skill level 5 in Maces & Flails
  2287 | D:3      | Reached XP level 5. HP: 47/47 MP: 4/4
  2674 | D:3      | Reached skill level 1 in Throwing
  2695 | D:3      | Reached skill level 1 in Stealth
  2948 | D:4      | Found an opulent altar of Gozag.
  2979 | D:4      | Reached XP level 6. HP: 53/53 MP: 5/5
  3131 | D:4      | Found a broken altar of Ashenzari.
  3139 | D:4      | Reached *** piety under Trog
  3172 | D:4      | Found a staircase to the Ecumenical Temple.
  3251 | D:5      | Entered Level 5 of the Dungeon
  3363 | D:5      | Reached skill level 6 in Maces & Flails
  3393 | D:5      | Found a runed translucent door.
  3394 | D:5      | Noticed Crazy Yiuf
  3400 | D:5      | Killed Crazy Yiuf
  3662 | D:5      | Reached skill level 5 in Fighting
  3707 | D:5      | You fall into a shaft and drop 1 floor!
  3769 | D:5      | Found Jomol's General Store.
  3784 | D:5      | Bought a scroll of identify for 30 gold pieces
  3784 | D:5      | Bought a scroll of noise for 15 gold pieces
  4227 | D:6      | Found an ornate altar of the Wu Jian Council.
  4241 | D:6      | Found a sacrificial altar of Ru.
  4490 | D:6      | Reached XP level 7. HP: 61/61 MP: 6/6
  5039 | D:6      | Reached skill level 7 in Maces & Flails
  5482 | D:7      | Noticed a wyvern
  5595 | D:7      | Killed a wyvern
  5596 | D:7      | Reached skill level 5 in Armour
  5596 | D:7      | Reached XP level 8. HP: 63/69 MP: 7/7
  5766 | D:7      | Upgraded the game from 0.29.1-4-g47bece8355 to
                  | 0.29.1-12-g30fa7ad0bf
  5773 | D:7      | Found a flagged portal.
  5826 | Bailey   | Entered a bailey
  5993 | Bailey   | Reached skill level 5 in Dodging
  6246 | Bailey   | Reached skill level 8 in Maces & Flails
  6390 | Bailey   | Noticed Grum
  6527 | Bailey   | Killed Grum
  6578 | Bailey   | Identified the +3 leather armour of Fallacy {Stlth+}
  6751 | Bailey   | Identified the +5 ring mail "Pasump" {+Blink Str+6 Dex+3}
  6802 | Bailey   | Reached XP level 9. HP: 75/75 MP: 8/8
  7322 | D:8      | Reached skill level 9 in Maces & Flails
  7325 | D:8      | Reached **** piety under Trog
  7413 | D:8      | Reached skill level 5 in Throwing
  7543 | D:8      | Found a shimmering altar of Xom.
  7545 | D:8      | Found a basalt altar of Yredelemnul.
  7547 | D:8      | Found a sparkling altar of Nemelex Xobeh.
  7678 | D:8      | Reached skill level 10 in Maces & Flails
  7686 | D:8      | Reached XP level 10. HP: 60/86 MP: 9/9
  7921 | D:8      | Noticed Pikel
  7942 | D:8      | Killed Pikel
  7956 | D:8      | Noticed a cyclops
  7968 | D:8      | Killed a cyclops
  7969 | D:8      | Reached skill level 1 in Evocations
  8232 | D:9      | Reached skill level 11 in Maces & Flails
  8971 | D:9      | Found a blossoming altar of Fedhas.
  9143 | D:9      | Found a runed translucent door.
  9146 | D:9      | Found a runed translucent door.
  9189 | D:9      | Reached ***** piety under Trog
  9300 | D:10     | Entered Level 10 of the Dungeon
  9557 | D:10     | Reached skill level 1 in Staves
  9658 | D:10     | Noticed a two-headed ogre
  9671 | D:10     | Killed a two-headed ogre
  9672 | D:10     | Reached XP level 11. HP: 32/95 MP: 10/10
 10060 | D:10     | Identified the +1 leather armour "Mic Fevuu" {Int+2 Dex+3}
 10501 | D:10     | Found a staircase to the Orcish Mines.
 10702 | D:11     | Found a staircase to the Lair.
 11533 | D:11     | Received a gift from Trog
 11534 | D:11     | Reached skill level 12 in Maces & Flails
 12015 | Lair:1   | Entered Level 1 of the Lair of Beasts
 12539 | Lair:1   | Reached skill level 1 in Shields
 12575 | Lair:1   | Reached skill level 13 in Maces & Flails
 13092 | Lair:2   | Noticed Amaemon
 13160 | Lair:2   | Found a dark tunnel.
 13181 | Volcano  | Entered a volcano
 13205 | Volcano  | Noticed an orc sorcerer
 13224 | Volcano  | Paralysed by an orc sorcerer for 4 turns
 13234 | Volcano  | Killed an orc sorcerer
 13531 | Volcano  | Noticed a red ugly thing
 13542 | Volcano  | Killed a red ugly thing
 13651 | Lair:2   | Reached XP level 12. HP: 104/104 MP: 11/11
 13963 | Lair:2   | Reached skill level 14 in Maces & Flails
 14109 | Lair:2   | You fall into a shaft and drop 2 floors!
 14175 | Lair:4   | Noticed a boulder beetle
 14187 | Lair:4   | Killed a boulder beetle
 14513 | Lair:2   | Killed Amaemon
 14679 | Lair:3   | Identified the +5 falchion of Disintegration {vorpal,
                  | Fragile rC+ rCorr}
 14679 | Lair:3   | Noticed Sonja
 14727 | Lair:3   | Killed Sonja
 14965 | Lair:3   | Reached skill level 15 in Maces & Flails
 15036 | Lair:3   | Found a staircase to the Swamp.
 15044 | Lair:3   | Reached skill level 5 in Evocations
 15107 | Lair:3   | Found a hole to the Spider Nest.
 15131 | Lair:3   | Reached skill level 10 in Fighting
 15626 | Lair:4   | Noticed Josephine
 15641 | Lair:4   | Killed Josephine
 16056 | Lair:4   | Noticed a six-headed hydra
 16065 | Lair:4   | Killed a six-headed hydra
 16066 | Lair:4   | Reached XP level 13. HP: 101/114 MP: 12/12
 16968 | Lair:5   | Entered Level 5 of the Lair of Beasts
 17154 | Lair:5   | Reached skill level 16 in Maces & Flails
 17593 | Lair:5   | Found a staircase to the Slime Pits.
 17611 | Lair:5   | Reached skill level 10 in Dodging
 17617 | Lair:5   | Found a viscous altar of Jiyva.
 17683 | Lair:5   | Received a gift from Trog
 18300 | Lair:5   | Reached XP level 14. HP: 110/125 MP: 13/13
 18305 | Lair:5   | Reached skill level 17 in Maces & Flails
 18787 | Lair:5   | Found a burning altar of Makhleb.
 18793 | Lair:5   | Found a gateway to Hell.
 18801 | Lair:5   | Identified the ring of the Ego {rPois MP+9 Int-5 Dex+6
                  | Stlth+}
 19197 | D:12     | Identified the ring "Nylakos" {rF+ MP+9 Dex+3}
 20038 | D:12     | Found Muumit's Jewellery Shoppe.
 20458 | D:12     | Reached skill level 10 in Throwing
 21012 | D:13     | Reached skill level 10 in Armour
 21362 | D:13     | Found a runed translucent door.
 22284 | D:13     | Reached skill level 18 in Maces & Flails
 22489 | D:13     | Reached skill level 5 in Shields
 22623 | D:13     | Identified 3 scrolls of acquirement
 22623 | D:13     | Acquired a manual of Fighting
 22624 | D:13     | Acquired the +0 mask of the Dragon {Will+ Slay+3 SInv}
 22624 | D:13     | Found the +0 mask of the Dragon {Will+ Slay+3 SInv}
 22627 | D:13     | Acquired 628 gold pieces
 23046 | D:14     | Received a gift from Trog
 24401 | D:14     | Reached XP level 15. HP: 88/136 MP: 14/14
 24577 | D:14     | Identified the +0 robe of Makhleb's Displeasure {Str+4}
 24992 | D:14     | Found a gate to the Vaults.
 25035 | D:15     | Entered Level 15 of the Dungeon
 26512 | D:15     | Reached skill level 19 in Maces & Flails
 26527 | D:15     | Reached ****** piety under Trog
 27136 | D:15     | Found a staircase to the Depths.
 27428 | Orc:1    | Entered Level 1 of the Orcish Mines
 27623 | Orc:1    | Found Kogad's Weapon Shoppe.
 27684 | Orc:1    | Received a gift from Trog
 28051 | Orc:2    | Entered Level 2 of the Orcish Mines
 28055 | Orc:2    | Noticed an orc warlord
 28076 | Orc:2    | Found a staircase to the Elven Halls.
 28076 | Orc:2    | Found Ogafiliq's General Store.
 28076 | Orc:2    | Found a gate leading to a gauntlet.
 28082 | Orc:2    | Found Rianafoth's Antique Armour Shoppe.
 28083 | Orc:2    | Noticed Saint Roka
 28090 | Orc:2    | Found a shimmering blue altar of Sif Muna.
 28305 | Orc:2    | Reached skill level 15 in Fighting
 28432 | Orc:2    | Killed an orc warlord
 28513 | Orc:2    | HP: 5/141 [Saint Roka/+2 bardiche of freezing (8)]
 28514 | Orc:2    | Slain by Saint Roka

Illustrated notes

Levels and vault maps discovered:
D:1:      onia_arrival_mini_maze, layout_basic, serial_bayou_pond_a,
          minmay_misc_feat_columns, minmay_pentomino_v4
D:2:      layout_basic, nicolae_ecumenical_snake_handling,
          hangedman_decor_lopped, skrybe_limestone_x, uniq_jessica
D:3:      layout_basic, chequers_serial_rivers_small_a, minmay_checkerbox
D:4:      layout_cave_pools, nicolae_gozag_cash_rules_everything_around_me,
          kennysheep_little_box, minmay_temple_entry_from_below_a,
          serial_column_ruins, column_ruins_square_medium,
          column_ruins_open_tiny_water, column_ruins_grid_1,
          column_ruins_open_medium, column_ruins_open_small,
          column_ruins_open_small
D:5:      layout_loops_cross, serial_shops, nicolae_lakefront_shop,
          uniq_crazy_yiuf_cottage
D:6:      layout_gridville, mainiacjoe_overflow_catwalk_spiral,
          minmay_misc_feat_nine_boxes, kennysheep_generic_room_3
D:7:      layout_rooms, enter_bailey_2, minmay_holes
D:8:      layout_rooms, grunt_temple_overflow_open, uniq_pikel
D:9:      lemuel_insect_pit, layout_irregular_city, mainiacjoe_overflow_chevrons
D:10:     layout_rooms, erik_orc_4
D:11:     layout_grid_maze, lair_entry_dummy
D:12:     layout_grid_maze, serial_shops, shop
D:13:     gammafunk_mikee_crab_dinner, layout_irregular_city
D:14:     layout_cave_pods, hangedman_vaults_entry_quadrant_bands,
          solitary_fountain
D:15:     grunt_enter_depths_hoard, layout_basic,
          nicolae_ru_the_path_less_chosen, special_room
          [special_room_mythical_zoo], serial_bayou_pond_a
Lair:1:   layout_regular_city
Lair:2:   layout_misc_corridors, nicolae_volcano_entry_two_sided, st_stairs_12,
          dreamdust_mushroom_princess, uniq_amaemon
Lair:3:   layout_loops_ring, skrybe_swamp_entry_bodies, spider_nest_entry_a,
          uniq_sonja
Lair:4:   layout_roguey, bh_autumn_forest_stairs, serial_bayou_ford_a,
          nicolae_lair_lindhole, uniq_josephine
Lair:5:   evil_forest, layout_regular_city, slime_entry_1
Orc:1:    layout_caves, serial_shops, nicolae_shop_advertising_works
          [nicolae_subvault_shop_adworks]
Orc:2:    grunt_orc_gardens, layout_caves, grunt_orc_garden, grunt_orc_garden,
          grunt_orc_garden, grunt_orc_garden, gauntlet_entry_generic,
          led_sif_book, uniq_saint_roka

Skill      XL: |  1  2  3  4  5  6  7  8  9 10 11 12 13 14 15 |
---------------+----------------------------------------------+-----
Maces & Flails | 4 5 6 7 8 10 11 13 15 16 18 19 | 19.2
Fighting       | 4 5 6 7 8 9 10 11 13 15 | 15.2
Armour         | 3 4 5 6 7 8 9 10 | 10.5
Dodging        | 3 4 5 6 7 8 9 10 11 | 11.4
Throwing       | 1 2 3 4 5 6 7 8 9 10 11 | 11.2
Stealth        | 1 2 3 4 |  4.9
Evocations     | 2 3 5 6 7 8 |  8.1
Staves         | 1 |  1.0
Shields        | 1 3 4 5 |  5.7

Action                   |  1- 3 |  4- 6 |  7- 9 | 10-12 | 13-15 || total
-------------------------+-------+-------+-------+-------+-------++-------
Melee: Mace              |    69 |   148 |   261 |   456 |       ||   934
       Headbutt          |     5 |    21 |    67 |   166 |   302 ||   561
       Punch             |     1 |     2 |     4 |     5 |       ||    12
       Lajatang          |       |       |       |     3 |       ||     3
       Dire flail        |       |       |       |   123 |   991 ||  1114
       Demon whip        |       |       |       |   118 |       ||   118
Throw: Stone             |     1 |     7 |    39 |    23 |     1 ||    71
Invok: Berserk           |       |     2 |     3 |     3 |     2 ||    10
       Brothers in Arms  |       |       |       |       |     1 ||     1
 Abil: Evoke Blink       |       |       |       |     1 |     1 ||     2
Evoke: Wand              |       |       |       |       |     1 ||     1
  Use: Scroll            |       |     7 |     1 |    12 |    15 ||    35
       Potion            |       |     2 |     1 |       |     6 ||     9
 Stab: Sleeping          |       |     3 |     2 |     1 |     3 ||     9
       Distracted        |       |     1 |       |       |     2 ||     3
Armor: Animal skin       |    11 |       |       |       |       ||    11
       Leather armour    |    14 |       |       |       |       ||    14
       Robe              |       |    95 |    44 |       |       ||   139
       Ring mail         |       |       |    46 |   236 |   253 ||   535
Dodge: Dodged            |    40 |   109 |   245 |   528 |   630 ||  1552
Block: Other             |       |       |       |    69 |   143 ||   212
       Reflection        |       |       |       |     2 |    16 ||    18
